 Dungeon Crawl Stone Soup version 0.22.1-1-ga44c0e56f4 (webtiles) character file.

154 OdinFK the Stinger (level 5, -5/35 HPs)
             Began as a Formicid Venom Mage on Oct 1, 2018.
             Killed from afar by an orc wizard (7 damage)
             ... with a magic dart
             ... on level 3 of the Dungeon.
             The game lasted 00:18:46 (2059 turns).

OdinFK the Stinger (Formicid Venom Mage)            Turns: 2059, Time: 00:18:47

Health: -5/35      AC:  2    Str: 13    XL:     5   Next: 62%
Magic:  0/10       EV: 12    Int: 15    God:
Gold:   108        SH:  0    Dex: 11    Spells: 5/11 levels left

rFire    . . .     SeeInvis +   (no weapon)
rCold    . . .     Gourm    .   (no shield)
rNeg     . . .     Faith    .   a - +0 robe
rPois    .         Spirit   .   (helmet unavailable)
rElec    .         Reflect  .   (no cloak)
rCorr    .         Harm     .   (no gloves)
MR       .....                  (no boots)
Stlth    ++........             (no amulet)
HPRegen  0.11/turn              j - ring of wizardry
MPRegen  0.12/turn              (no ring)

@: no status effects
A: permanent stasis, dig shafts and tunnels, four strong arms, antennae 3
a: Dig, Shaft Self


You were on level 3 of the Dungeon.
You were hungry.

You visited 1 branch of the dungeon, and saw 3 of its levels.

You collected 108 gold pieces.

Inventory:

Hand Weapons
 m - a cursed -3 dagger
Armour
 a - a +0 robe (worn)
Jewellery
 j - a ring of wizardry (left hand)
Scrolls
 b - 3 scrolls of remove curse {unknown}
 d - a scroll of enchant armour {unknown}
 f - 3 scrolls of immolation {unknown}
 g - 3 scrolls of identify {unknown}
 k - a scroll of teleportation {unknown}
 l - 2 scrolls of enchant weapon {unknown}
 n - a scroll of fear {unknown}
Potions
 e - 3 potions of heal wounds {unknown}
 h - 2 potions of agility {unknown}
 i - a potion of invisibility {unknown}
Comestibles
 c - 7 rations
 o - a chunk of flesh


   Skills:
 + Level 0.1 Fighting
 + Level 2.3 Dodging
 + Level 2.9 Stealth
 + Level 0.5 Unarmed Combat
 + Level 3.5 Spellcasting
 + Level 1.2 Conjurations
 + Level 0.8 Air Magic
 + Level 5.5 Poison Magic


You had 5 spell levels left.
You knew the following spells:

 Your Spells              Type           Power        Failure   Level  Hunger
a - Sting                 Conj/Pois      ##..         1%          1    None
b - Poisonous Vapours     Pois/Air       ##....       3%          2    ##.....
c - Mephitic Cloud        Conj/Pois/Air  ##......     9%          3    ###....

Your spell library contained the following spells:

 Spells                   Type           Power        Failure   Level  Hunger
 Olgreb's Toxic Radiance  Pois           ###.....     8%          4    ####...
 Venom Bolt               Conj/Pois      ##........   45%         5    ######.


Dungeon Overview and Level Annotations

Branches:
Dungeon (3/15)

Altars:
Cheibriados
Elyvilon
Wu Jian


Innate Abilities, Weirdness & Mutations

You cannot be hasted, slowed, berserked, paralysed or teleported.
You can dig through walls and to a lower floor.
Your four strong arms can wield two-handed weapons with a shield.
You have a pair of large antennae on your head. (SInv)


Message History

The orc wizard looks encouraged for a moment.
The orc wizard gestures at you while chanting.
The puff of flame hits you!
* * * LOW HITPOINT WARNING * * *
The orc wizard hits you but does no damage.
Casting: Poisonous Vapours (safe; 3% risk of failure)
Confirm with . or Enter, or press ? or * to list all spells.
Aiming: Poisonous Vapours (safe; 3% risk of failure)
Press: ? - help, Dir - move target cursor, f/p - orc wizard
Aim: an orc wizard, wielding a dagger and wearing an embroidered robe (lightly Poisonous vapours surround the orc wizard!
The orc wizard looks more healthy.
The orc wizard is engulfed in poison gas.
The orc wizard is poisoned.
The orc wizard hits you with a dagger.
* * * LOW HITPOINT WARNING * * *
The orc wizard barely misses you. The orc wizard closely misses you.
The orc wizard points at you and mumbles some strange words.
The magic dart hits you!
You die...

..###.##<#.#..#...>....#
..# #.##.#.#.###..#..#.#
..# #.##.#.#.........#.#
).###.##.#.#.#.###...#.#
.......#.#.)...# #.....#
...##.#........###[..###
.#.......#####.....#.#
...##.#### ###..##.#
#.###.##########@.##.#
#............#.o..##.#
.....................#
#..###.#####.#########
#..# #.# #.# #..# #.#
#.# #..###.# #.. {
#..o...# #.# ##.#####
#.##


You could see an orc wizard.

Vanquished Creatures
  2 orc wizards (D:3)
  A gnoll (D:1)
  3 adders (D:2)
  3 dart slugs
  A leopard gecko (D:1)
  3 orcs (D:3)
  2 ball pythons
  3 giant cockroaches (D:1)
  7 goblins
  3 hobgoblins
  4 kobolds
  2 quokkas (D:2)
  8 bats
  4 frilled lizards
  A jackal skeleton (D:3)
  6 rats
53 creatures vanquished.

Notes
Turn   | Place    | Note
-------+----------+-------------------------------------------
     0 | D:1      | OdinFK the Formicid Venom Mage began the quest for the Orb.
     0 | D:1      | Reached XP level 1. HP: 13/13 MP: 3/3
   155 | D:1      | Reached skill level 1 in Conjurations
   243 | D:1      | Reached XP level 2. HP: 14/19 MP: 0/5
   247 | D:1      | Learned a level 2 spell: Poisonous Vapours
   599 | D:1      | Reached XP level 3. HP: 24/24 MP: 1/6
   995 | D:2      | Found an ornate altar of the Wu Jian Council.
  1029 | D:2      | Found a snail-covered altar of Cheibriados.
  1164 | D:2      | Reached XP level 4. HP: 22/30 MP: 0/8
  1671 | D:2      | Found a white marble altar of Elyvilon.
  1725 | D:2      | Reached skill level 5 in Poison Magic
  1788 | D:2      | Learned a level 3 spell: Mephitic Cloud
  1987 | D:3      | Reached XP level 5. HP: 27/35 MP: 6/9
  2059 | D:3      | Killed from afar by an orc wizard

Skill      XL: |  1  2  3  4 |
---------------+-------------+-----
Conjurations   | 1 |  1.2
Dodging        | 2 |  2.3
Poison Magic   | 5 |  5.5
Spellcasting   | 3 |  3.5
Fighting       | |  0.1
Stealth        | |  2.9
Unarmed Combat | |  0.5
Air Magic      | |  0.8

Action                   |  1- 3 |  4- 6 || total
-------------------------+-------+-------++-------
Melee: Unarmed           |    71 |    11 ||    82
 Cast: Sting             |    14 |       ||    14
       Poisonous Vapours |    31 |    26 ||    57
  Eat: Chunk             |     3 |     4 ||     7
Armor: Robe              |    38 |     7 ||    45
Dodge: Dodged            |    70 |    14 ||    84
